 Dungeon Crawl Stone Soup version 0.30-a0-359-gd0147acb1a (webtiles) character file.

Game seed: 8973754875126075152

40 Lobster4 the Shooter (level 3, 0/30 HPs)
             Began as a Human Hunter on Nov 12, 2022.
             Succumbed to an adder's poison
             ... on level 2 of the Dungeon.
             The game lasted 00:02:02 (892 turns).

Lobster4 the Shooter (Human Hunter)                  Turns: 892, Time: 00:02:02

Health: 0/30       AC:  1    Str: 15    XL:     3   Next: 72%
Magic:  3/3        EV: 12    Int:  8    God:
Gold:   93         SH:  0    Dex: 17    Spells: 2/2 levels left

rFire   . . .      SeeInvis .    a - +0 shortbow
rCold   . . .      Faith    .    (shield currently unavailable)
rNeg    . . .      Spirit   .    c - +0 leather armour
rPois   .          Reflect  .    (no helmet)
rElec   .          Harm     .    (no cloak)
rCorr   .          Rampage  .    (no gloves)
Will    .....                    (no boots)
Stlth   ++........               (no amulet)
HPRegen 0.25/turn                (no ring)
MPRegen 0.08/turn                (no ring)

@: lethally poisoned (0 -> -8), flying
A: deformed body, robust 1, strong 1
a: no special abilities


You were on level 2 of the Dungeon.
You visited 1 branch of the dungeon, and saw 2 of its levels.

You collected 93 gold pieces.

Inventory:

Hand Weapons
 a - a +0 shortbow (weapon)
 b - a +0 falchion
Missiles
 j - 2 poisoned darts
Armour
 c - a +0 leather armour (worn)
Scrolls
 d - a scroll of immolation
Potions
 g - 4 potions of mutation


   Skills:
 + Level 2.5 Fighting
 + Level 4.3 Ranged Weapons
 + Level 1.2 Armour
 + Level 2.5 Dodging
 - Level 1.0 Stealth


You had 2 spell levels left.
You didn't know any spells.
Your spell library contained the following spells:

 Spells                   Type           Power      Damage    Failure   Level
 Sting                    Tmut/Pois      0%         1d3       47%         1
 Poisonous Vapours        Pois/Air       0%         N/A       63%         2
 Olgreb's Toxic Radiance  Pois           0%         N/A       99%         4


Dungeon Overview and Level Annotations

Branches:
Dungeon (2/15)

Altars:


Innate Abilities, Weirdness & Mutations

Armour fits poorly on your strangely shaped body.
You are robust. (+10% HP)
Your muscles are strong. (Str +4, Int/Dex -1)


Message History

It was a potion of mutation.
You feel extremely strange.
Your body twists and deforms.
You feel stronger.
You feel robust. The adder bites you.
You are poisoned.
The adder poisons you! The adder closely misses you. The adder bites you.
* * * LOW HITPOINT WARNING * * *
Okay, then.
As you read the scroll labelled NUNNESATAE, it crumbles to dust.
It is a scroll of identify.
f - a potion of curing You feel sick.
The adder barely misses you. x2
The adder bites you but does no damage.
You feel better. The adder bites you.
You are poisoned.
The adder poisons you! The adder bites you.
* * * LOW HITPOINT WARNING * * *
You are too injured to fight recklessly!
As you read the scroll labelled WOFOXE LANU, it crumbles to dust.
It is a scroll of amnesia.
You feel forgetful for a moment.
You feel sick. The adder closely misses you. The adder misses you.
As you read the scroll labelled FARREYCRYA, it crumbles to dust.
You feel strangely unstable.
It was a scroll of teleportation.
You feel sick. The adder bites you.
* * * LOW HITPOINT WARNING * * *
The adder completely misses you. The adder closely misses you.
The adder barely misses you.
It was a potion of flight.
You feel very buoyant.
You fly up into the air.
You feel sick. The adder bites you but does no damage. The adder bites you.
* * * LOW HITPOINT WARNING * * *
You are lethally poisoned!
The adder poisons you! The adder attacks as you move away!
The adder barely misses you. The adder attacks as you move away!
The adder misses you.
Your surroundings suddenly seem different.
A hobgoblin comes into view.
Found a potion of curing.
You die...

#.#####
#.^.@.#
#####.#
...
.##.P
.# g..
.# !P
.. . ..


You could see a hobgoblin (asleep).

Vanquished Creatures
  A gnoll (D:1)
  2 dart slugs (D:1)
  3 bats (D:1)
  4 endoplasms (D:1)
  A giant cockroach (D:1)
  4 hobgoblins
  2 quokkas (D:1)
  6 ball pythons
  2 kobolds
25 creatures vanquished.

Vanquished Creatures (others)
  A fungus (D:2)
  2 plants (D:2)
  A withered plant (D:2)
4 creatures vanquished.

Grand Total: 29 creatures vanquished

Notes
Turn   | Place    | Note
-------+----------+-------------------------------------------
     0 | D:1      | Lobster4 the Human Hunter began the quest for the Orb.
     0 | D:1      | Reached XP level 1. HP: 16/16 MP: 1/1
    41 | D:1      | Reached XP level 2. HP: 22/22 MP: 2/2
   272 | D:1      | Reached skill level 1 in Armour
   272 | D:1      | Reached XP level 3. HP: 28/28 MP: 3/3
   886 | D:2      | Gained mutation: Armour fits poorly on your strangely
                  | shaped body. [potion of mutation]
   886 | D:2      | Gained mutation: Your muscles are strong. (Str +4, Int/Dex
                  | -1) [potion of mutation]
   886 | D:2      | Gained mutation: You are robust. (+10% HP) [potion of
                  | mutation]
   891 | D:2      | HP: 1/30 [adder (2)]
   892 | D:2      | Succumbed to an adder's poison

Illustrated notes

Levels and vault maps discovered:
D:1:      evilmike_arrival_crescent, layout_basic, chequers_serial_rivers_room_a
D:2:      layout_loops_cross, shapermc_ecumenical_altar_gd,
          hangedman_decor_lopped, uniq_robin

Skill      XL: |  1  2 |
---------------+-------+-----
Armour         | 1 |  1.2
Fighting       | |  2.5
Ranged Weapons | |  4.3
Dodging        | |  2.5
Stealth        | |  1.0

Action                   || total
-------------------------++-------
 Fire: Shortbow          ||    83
  Use: Scroll            ||     3
       Potion            ||     3
Armor: Leather armour    ||     9
Dodge: Dodged            ||    32

Table legend: (Time is in decaauts)
 A = Elapsed time spent in this place.
 B = Non-inter-level travel time spent in this place.
 C = Inter-level travel time spent in this place.
 D = Time resting spent in this place.
 E = Time spent auto-exploring this place.
 F = Levels seen in this place.
 G = Mean time per level.
                   A        B        C        D        E       F      G
               +--------+--------+--------+--------+--------+-----+--------+
         Total |    921 |    897 |     24 |      0 |    737 |   2 |  460.5 |
       Dungeon |    921 |    897 |     24 |      0 |    737 |   2 |  460.5 |
               +--------+--------+--------+--------+--------+-----+--------+

Top non-repeatable levels by time:
     D:1: 880 daAuts
     D:2: 40 daAuts
